 Dungeon Sprint DCSS version 0.26-a0-252-gb32a1a6195 (webtiles) character file.

Game seed: 10929324793474821293

12 MordorOrchid the Frost Mage (level 5, -5/35 HPs)
             Began as an Octopode Ice Elementalist on July 9, 2020.
             Was an Initiate of Gozag.
             Slain by a gnoll
             ... wielding a +0 halberd
              (16 damage)
             ... in the Dungeon (Sprint VI: "Thunderdome").
             The game lasted 00:04:25 (166 turns).

MordorOrchid the Frost Mage (OpIE)                   Turns: 166, Time: 00:04:26

Health: -5/35      AC:  1    Str:  6    XL:     5   Next: 82%
Magic:  2/21       EV: 18    Int: 19    God:    Gozag
Gold:   175        SH:  0    Dex: 11    Spells: 7/14 levels left

rFire    + . .     SeeInvis +   q - +0 club
rCold    + . .     Faith    .   (no shield)
rNeg     . . .     Spirit   .   (helmet restricted)
rPois    +         Reflect  .   o - amulet of Umnaupp {Acrobat MR++ Int-5}
rElec    .         Harm     .   m - ring "Miysen" {rC+ MP+9 Int+6 Dex-2}
rCorr    .         NoTele   +   (no ring)
MR       +++++                  p - ring of the Crown {+Fly rPois MR+ EV+4 Str+4}
Stlth    +++.......             r - ring of Suspected Treachery {Fire SInv}
HPRegen  0.11/turn              s - ring "Egoywy Sojyq" {+Inv rC+ SInv}
MPRegen  0.17/turn              t - ring of the Middle {Wiz rPois MR+++ Str-5 SInv}
                                (no ring)
                                (no ring)

@: gold aura, frozen ramparts
A: almost no armour, stealthy swim, amphibious, 8 rings, constrict 8, camouflage
1, gelatinous body 1
a: Potion Petition, Call Merchant, Bribe Branch, Renounce Religion, Evoke
Invisibility, Evoke Flight


You were in the Dungeon.
You worshipped Gozag.
Gozag was aware of your devotion.
You were not hungry.

You visited 1 branch You collected 535 gold pieces.
You spent 360 gold pieces at shops.

Inventory:

Hand Weapons
 q - a +0 club (weapon)
Jewellery
 l - the amulet of Sigele {Spirit rPois rF- rN+ Stlth+}
   (You bought it in a shop in the Dungeon)

   [amulet of guardian spirit]

   It causes incoming damage to be split between your health and magic.
   It makes you vulnerable to fire.
   It protects you from poison.
   It protects you from negative energy.
   It makes you more stealthy.
 m - the ring "Miysen" (left tentacle) {rC+ MP+9 Int+6 Dex-2}
   (You bought it in a shop in the Dungeon)

   [ring of intelligence]

   It affects your intelligence (+6).
   It affects your dexterity (-2).
   It protects you from cold.
   It affects your magic capacity (+9).
 n - the ring "Acharud" {rElec MR+ EV+4 Int-4}
   (You bought it in a shop in the Dungeon)

   [ring of evasion]

   It affects your evasion (+4).
   It affects your intelligence (-4).
   It insulates you from electricity.
   It affects your resistance to hostile enchantments.
 o - the amulet of Umnaupp (around mantle) {Acrobat MR++ Int-5}
   (You bought it in a shop in the Dungeon)

   [amulet of the acrobat]

   It helps you evade while moving and waiting.
   It affects your intelligence (-5).
   It affects your resistance to hostile enchantments.
 p - the ring of the Crown (on tentacle) {+Fly rPois MR+ EV+4 Str+4}
   (You bought it in a shop in the Dungeon)

   [ring of evasion]

   It affects your evasion (+4).
   It affects your strength (+4).
   It protects you from poison.
   It affects your resistance to hostile enchantments.
   It lets you fly.
 r - the ring of Suspected Treachery (on tentacle) {Fire SInv}
   (You bought it in a shop in the Dungeon)

   [ring of fire]

   It enhances your fire magic.
   It protects you from fire.
   It makes you vulnerable to cold.
   It lets you see invisible.
 s - the ring "Egoywy Sojyq" (on tentacle) {+Inv rC+ SInv}
   (You bought it in a shop in the Dungeon)

   [ring of see invisible]

   It protects you from cold.
   It lets you see invisible.
   It lets you turn invisible.
 t - the ring of the Middle (on tentacle) {Wiz rPois MR+++ Str-5 SInv}
   (You bought it in a shop in the Dungeon)

   [ring of wizardry]

   It improves your spell success rate.
   It affects your strength (-5).
   It protects you from poison.
   It affects your resistance to hostile enchantments.
   It lets you see invisible.
Wands
 a - a wand of acid (5)
 i - a wand of iceblast (3)
Scrolls
 h - 4 scrolls of blinking
 j - 3 scrolls of fog
Potions
 c - a potion of curing
 d - 4 potions of heal wounds
 e - 4 potions of haste
 f - 2 potions of magic
 g - a potion of berserk rage
 k - a potion of resistance
Comestibles
 b - 2 rations


   Skills:
 * Level 2.7 Fighting
 - Level 0.4 Maces & Flails
 * Level 4.2 Dodging
 - Level 4.0 Stealth
 * Level 5.3 Spellcasting
 + Level 8.9 Ice Magic
 * Level 3.2 Evocations


You had 7 spell levels left.
You knew the following spells:

 Your Spells              Type           Power        Failure   Level
a - Freeze                Ice            ####         1%          1
b - Frozen Ramparts       Ice            #####.       1%          3
y - Ozocubu's Armour      Chrm/Ice       ###.....     2%          3

Your spell library contained the following spells:

 Spells                   Type           Power        Failure   Level
 Hailstorm                Conj/Ice       ###.....     8%          4
 Summon Ice Beast         Ice/Summ       ###.....     8%          4


Dungeon Overview and Level Annotations

Branches:
Dungeon (1/1)

Altars:
Fedhas
Gozag
Kikubaaqudgha
Makhleb
Okawaru
Qazlal
Ru
Sif Muna
Trog
Uskayaw
Wu Jian
Xom
Zin
The Shining One
Beogh
Lugonu

Shops:
D *[%???:(


Innate Abilities, Weirdness & Mutations

You cannot wear most types of armour.
You are very stealthy in the water. (Stealth+)
You are amphibious.
You can wear up to eight rings at the same time.
You can use your tentacles to constrict eight enemies at once.
Your skin changes colour to match your surroundings (Stealth+).
Your rubbery body absorbs attacks. (AC +1, EV +1)


Message History

Unknown command.
Things that are here:
45 gold pieces; a +0 spear; a +0 scale mail What are your orders? t - Shout!
Orders for allies: a - Attack new target. r - Retreat! s - Stop attacking. g - Guard the area. f - Follow me.
Anything else - Cancel.
You shout for attention!
The gnoll shouts!
Things that are here:
72 gold pieces; a +0 whip; a +0 leather armour
Casting: Freeze (safe; 1% risk of failure)
Confirm with . or Enter, or press ? or * to list all spells.
The walls around you are covered in ice. 15...
The wall freezes the gnoll!
The gnoll hits you from afar with a +0 halberd!
You die...
Your body crumbles into a pile of gold.

##.....## ##∩.....∩##
#∩.......∩# #_......._#
#_......._# #_......._#
###.........###
#⌠...........⌠#
######.8..$.$@...8.#
##∩_._......###......___
###∩........8.# #g8.......
#...........$.###.........
⌠..........###...###......
⌠..........# #.<.# ......
g..........###...# ......
#............[###.........
###∩........8.# .8...


You could see a gnoll.

Vanquished Creatures
  A gnoll sergeant (D)
  A howler monkey (D)
  2 gnoll shamans (D)
  Terence (D)
  2 gnolls (D)
  2 hobgoblins (D)
  A ball python (D)
10 creatures vanquished.

Notes
Turn   | Place    | Note
-------+----------+-------------------------------------------
     0 | D        | MordorOrchid the Octopode Ice Elementalist began the quest
                  | for the Orb.
     0 | D        | Reached XP level 1. HP: 11/11 MP: 3/3
     1 | D        | Found a shimmering altar of Xom.
     1 | D        | Found a corrupted altar of Lugonu.
     2 | D        | Found a stormy altar of Qazlal.
     3 | D        | Found a shimmering blue altar of Sif Muna.
     3 | D        | Found a bloodstained altar of Trog.
     4 | D        | Found Buash's Delicious Food.
     4 | D        | Found a roughly hewn altar of Beogh.
     4 | D        | Found Efehu Beth's Identification Station.
     5 | D        | Round 1.
     6 | D        | Found a hide-covered altar of Uskayaw.
     6 | D        | Found an opulent altar of Gozag.
     7 | D        | Found an iron altar of Okawaru.
     7 | D        | Found an ornate altar of the Wu Jian Council.
     7 | D        | Found Arrom's Magic Scroll Shop.
     7 | D        | Found Erghib's Staff Store.
     8 | D        | Found Tipraeh's Magic Scroll Shop.
     8 | D        | Found Onwou's Must-Have Magic.
    10 | D        | Found an ancient bone altar of Kikubaaqudgha.
    14 | D        | Became a worshipper of Gozag Ym Sagoz the Greedy
    23 | D        | Found Vesowe's Jewellery.
    23 | D        | Found Esett's Advanced Armour.
    31 | D        | Bought a transparent brass amulet for 45 gold pieces
    31 | D        | Bought a warped golden ring for 45 gold pieces
    31 | D        | Bought a heavily runed gossamer ring for 45 gold pieces
    36 | D        | Identified the amulet of Sigele {Spirit rPois rF- rN+
                  | Stlth+} (You bought it in a shop in the Dungeon)
    38 | D        | Identified the ring "Miysen" {rC+ MP+9 Int+6 Dex-2} (You
                  | bought it in a shop in the Dungeon)
    39 | D        | Identified the ring "Acharud" {rElec MR+ EV+4 Int-4} (You
                  | bought it in a shop in the Dungeon)
    40 | D        | Bought a glittering silver amulet for 45 gold pieces
    53 | D        | Identified the amulet of Umnaupp {Acrobat MR++ Int-5} (You
                  | bought it in a shop in the Dungeon)
    53 | D        | Bought a warped granite ring for 45 gold pieces
    53 | D        | Identified the ring of the Crown {+Fly rPois MR+ EV+4
                  | Str+4} (You bought it in a shop in the Dungeon)
    62 | D        | Noticed Terence
    62 | D        | Noticed a howler monkey
    70 | D        | Found a burning altar of Makhleb.
    71 | D        | Found a glowing silver altar of Zin.
    76 | D        | Killed Terence
    76 | D        | Reached skill level 6 in Ice Magic
    76 | D        | Reached XP level 2. HP: 17/17 MP: 2/5
    76 | D        | Reached XP level 3. HP: 21/21 MP: 2/7
    83 | D        | Arena points: 12 (+12) [x2]
    83 | D        | Reached skill level 7 in Ice Magic
    83 | D        | Reached XP level 4. HP: 25/27 MP: 0/8
    84 | D        | Found a glowing golden altar of the Shining One.
    92 | D        | Learned a level 3 spell: Frozen Ramparts
    96 | D        | Learned a level 3 spell: Ozocubu's Armour
   121 | D        | Bought a slimy wooden ring for 45 gold pieces
   121 | D        | Bought a sparkling pewter ring for 45 gold pieces
   121 | D        | Bought a wavering bronze ring for 45 gold pieces
   121 | D        | Identified the ring of Suspected Treachery {Fire SInv} (You
                  | bought it in a shop in the Dungeon)
   122 | D        | Identified the ring "Egoywy Sojyq" {+Inv rC+ SInv} (You
                  | bought it in a shop in the Dungeon)
   123 | D        | Identified the ring of the Middle {Wiz rPois MR+++ Str-5
                  | SInv} (You bought it in a shop in the Dungeon)
   127 | D        | Round 2.
   142 | D        | Noticed a gnoll sergeant
   144 | D        | Reached skill level 1 in Evocations
   153 | D        | Reached skill level 1 in Fighting
   153 | D        | Reached skill level 8 in Ice Magic
   153 | D        | Reached XP level 5. HP: 9/33 MP: 3/11
   156 | D        | Found a blossoming altar of Fedhas.
   157 | D        | Found a sacrificial altar of Ru.
   157 | D        | Reached skill level 5 in Spellcasting
   166 | D        | Slain by a gnoll

Illustrated notes

Levels and vault maps discovered:
D:        arena_sprint

Skill      XL: |  1  2  3  4  5 |
---------------+----------------+-----
Stealth        | 3 4 |  4.0
Ice Magic      | 6 7 8 |  8.9
Dodging        | 3 4 |  4.2
Spellcasting   | 3 4 5 |  5.3
Evocations     | 1 3 |  3.2
Fighting       | 1 2 |  2.7
Maces & Flails | |  0.4

Action                   |  1- 3 |  4- 6 || total
-------------------------+-------+-------++-------
Melee: Club              |     3 |     2 ||     5
       Tentacles         |     2 |       ||     2
       Constrict         |     1 |     2 ||     3
 Cast: Freeze            |     8 |     2 ||    10
       Frozen Ramparts   |       |     3 ||     3
Evoke: Wand              |     1 |     1 ||     2
 Stab: Distracted        |     1 |       ||     1
Dodge: Dodged            |    12 |     5 ||    17

Table legend:
 A = Non-vault XP
 B = Vault XP
 C = Vault XP percentage of total XP
 D = Non-vault monster count
 E = Vault monster count
 F = Vault count percentage of total count
                 A         B        C        D         E       F
            +---------+---------+-------+---------+---------+-------
      Total |     292 |       0 |   0.0 |      10 |       0 |   0.0
            +---------+---------+-------+---------+---------+-------
          D |     292 |       0 |   0.0 |      10 |       0 |   0.0
            +---------+---------+-------+---------+---------+-------
